 Dungeon Crawl Stone Soup version 0.31-a0-1576-ga3383bade6 (webtiles) character file.

Game seed: 303891099241542575

67 wildpjah the Chiller (level 4, -1/34 HPs)
             Began as a Draconian Ice Elementalist on Jan 4, 2024.
             Slain by Ijyb
             ... wielding a +6 club
              (3 damage)
             ... on level 3 of the Dungeon.
             The game lasted 00:05:22 (1906 turns).

wildpjah the Chiller (Draconian Ice Elementalist)   Turns: 1906, Time: 00:05:23

Health: -1/34      AC:  5    Str: 11    XL:     4   Next: 0%
Magic:  1/8        EV: 12    Int: 17    God:
Gold:   204        SH:  0    Dex: 11    Spells: 4/8 levels left

rFire   . . .        l - +0 hand axe
rCold   . . .        (no shield)
rNeg    . . .        (body armour unavailable)
rPois   .            (helmet restricted)
rElec   .            (no cloak)
rCorr   .            (no gloves)
SInv    .            (no boots)
Will    .....        (no amulet)
Stlth   ++           (no ring)
HPRegen 0.25/turn    (no ring)
MPRegen 0.11/turn

%: no passive effects
@: very slightly contaminated
A: AC +5, unfitting armour, cold-blooded
a: no special abilities


You were on level 3 of the Dungeon.
You visited 1 branch of the dungeon, and saw 3 of its levels.

You collected 204 gold pieces.

Inventory:

Hand Weapons
 f - a +0 spear
 l - a +0 hand axe (weapon)
Talismans
 p - a maw talisman
Scrolls
 b - a scroll of noise {unknown}
 e - a scroll of silence {unknown}
 i - a scroll of identify {unknown}
 k - 2 scrolls of teleportation {unknown}
 m - a scroll of immolation {unknown}
 o - a scroll of revelation {unknown}
 q - a scroll of enchant weapon {unknown}
 s - 3 scrolls of poison {unknown}
Potions
 a - a potion of magic
 c - 3 potions of curing {unknown}
 d - a potion of degeneration {unknown}
 g - a potion of resistance {unknown}
 h - 2 potions of might {unknown}
 j - a potion of berserk rage {unknown}
 n - a potion of brilliance {unknown}
 r - a potion of attraction {unknown}


   Skills:
 + Level 0.6 Fighting
 + Level 0.5 Axes
 + Level 2.2 Dodging
 + Level 1.9 Stealth
 - Level 0.7 Unarmed Combat
 + Level 2.7 Spellcasting
 + Level 4.5 Ice Magic


You had 4 spell levels left.
You knew the following spells:

 Your Spells              Type           Power      Damage    Failure   Level
a - Freeze                Ice            68%        1d8       2%          1
b - Frozen Ramparts       Ice            34%        1d6       9%          3

Your spell library contained the following spells:

 Spells                   Type           Power      Damage    Failure   Level
 Ozocubu's Armour         Ice            17%        N/A       9%          3
 Magic Dart               Conj           8%         1d3       19%         1
 Summon Ice Beast         Ice/Summ       9%         N/A       22%         3
 Searing Ray              Conj           4%         2d4       26%         2
 Anguish                  Hex/Necr       1%         N/A       87%         4
 Cause Fear               Hex            1%         N/A       87%         4
 Fulminant Prism          Conj/Alch      1%         3d5       87%         4
 Enfeeble                 Hex            1%         N/A       100%        7


Dungeon Overview and Level Annotations

Branches:
Dungeon (3/15)

Altars:

Annotations:
D:3 Grinder, Ijyb


Innate Abilities, Weirdness & Mutations

Your plain brown scales are hard. (AC +5)
You cannot fit into any form of body armour.
You are cold-blooded and may be slowed by cold attacks.


Message History

Press: ? - help, Q - select action, (/) - cycle Shift-Dir - straight line, f/p - Ijyb
Aim: Ijyb, wielding a +6 club, wearing a +0 scale mail and carrying a wand of mindburst (severely wounded)
You freeze Ijyb.
Ijyb is almost dead.
The frozen ramparts melt away.
Ijyb completely misses you.
You completely miss Ijyb.
Ijyb is almost dead.
Ijyb zaps a wand.
Your mind is blasted!
You closely miss Ijyb.
Ijyb is almost dead.
Ijyb hits you with a +6 club. Ijyb barely misses you.
Unknown command.
You closely miss Ijyb.
Your tail-slap misses Ijyb.
Ijyb is almost dead.
Ijyb closely misses you.
Unknown command.
Casting: Frozen Ramparts (dangerous; 9% risk of failure)
Press: ? - help, Q - select action, (/) - cycle Dir - look around, f - activate You miscast Frozen Ramparts.
You are very lightly contaminated with residual magic.
Nothing appears to happen.
Ijyb misses you.
You don't have enough magic to cast this spell.
You don't have enough magic to cast this spell.
You hit Ijyb.
Ijyb is almost dead.
Ijyb completely misses you.
You barely miss Ijyb. You tail-slap Ijyb, but do no damage.
Ijyb is almost dead.
Ijyb hits you with a +6 club!
* * * LOW HITPOINT WARNING * * *
Ijyb closely misses you.
You barely miss Ijyb.
Ijyb is almost dead.
Ijyb hits you with a +6 club.
* * * LOW HITPOINT WARNING * * *
You hit Ijyb but do no damage.
Your tail-slap misses Ijyb.
Ijyb is almost dead.
Ijyb hits you with a +6 club.
You die...

...##..........≈............#
#....#...##.....#.......(.##
##..#..######<.####...#...##
#........####..####..######
..####..................
###................
#...........?....
#................
#........@g......
#......>#########
#.......###### #............#
#............# #......#.....#
########.....# #.....#
#.....#


You could see Ijyb.

Vanquished Creatures
  An adder (D:3)
  4 dart slugs
  2 orcs
  4 endoplasms
  2 giant cockroaches
  3 goblins
  4 hobgoblins
  4 jackals (D:1)
  7 kobolds
  2 quokkas (D:3)
  5 ball pythons
  5 bats
  2 frilled lizards (D:1)
45 creatures vanquished.

Notes
Turn   | Place    | Note
-------+----------+-------------------------------------------
     0 | D:1      | wildpjah the Draconian Ice Elementalist began the quest for
                  | the Orb.
     0 | D:1      | Reached XP level 1. HP: 14/14 MP: 3/3
   291 | D:1      | Reached XP level 2. HP: 20/20 MP: 1/5
   743 | D:1      | Reached XP level 3. HP: 20/26 MP: 4/6
  1703 | D:3      | Noticed Grinder
  1713 | D:3      | Learned a level 3 spell: Frozen Ramparts
  1870 | D:3      | Reached XP level 4. HP: 32/34 MP: 6/8
  1890 | D:3      | Noticed Ijyb
  1906 | D:3      | Slain by Ijyb

Illustrated notes

Levels and vault maps discovered:
D:1:      minmay_arrival_hallway, layout_loops_ring
D:2:      layout_loops_ring
D:3:      layout_rooms, tgw_fedhas, chequers_serial_rivers_micro_e,
          chequers_avenue, uniq_ijyb, uniq_grinder

Skill      XL: |  1  2 |
---------------+-------+-----
Dodging        | 2 |  2.2
Fighting       | |  0.6
Axes           | |  0.5
Stealth        | |  1.9
Unarmed Combat | |  0.7
Spellcasting   | |  2.7
Ice Magic      | |  4.5

Action                     |  1- 3 |  4- 6 || total
---------------------------+-------+-------++-------
  Melee: Unarmed           |    35 |       ||    35
         Tailslap          |    13 |     1 ||    14
         Spear             |     7 |       ||     7
         Hand axe          |    38 |     9 ||    47
   Cast: Freeze            |    35 |     2 ||    37
         Frozen Ramparts   |       |     1 ||     1
   Stab: Sleeping          |     3 |       ||     3
 Armour: Skin              |    54 |     6 ||    60
  Dodge: Dodged            |    80 |     6 ||    86

Table legend: (Time is in decaauts)
 A = Elapsed time spent in this place.
 B = Non-inter-level travel time spent in this place.
 C = Inter-level travel time spent in this place.
 D = Time resting spent in this place.
 E = Time spent auto-exploring this place.
 F = Levels seen in this place.
 G = Mean time per level.
                   A        B        C        D        E       F      G
               +--------+--------+--------+--------+--------+-----+--------+
         Total |   1919 |   1889 |     30 |      0 |   1460 |   3 |  639.7 |
       Dungeon |   1919 |   1889 |     30 |      0 |   1460 |   3 |  639.7 |
               +--------+--------+--------+--------+--------+-----+--------+

Top non-repeatable levels by time:
     D:1: 936 daAuts
     D:2: 661 daAuts
     D:3: 321 daAuts
